 Dungeon Crawl Stone Soup version 0.32-a0-22-g6ae6769602 (webtiles) character file.

Game seed: 8657760917021221630

49 Zeia the Grave Robber (level 3, -4/27 HPs)
             Began as a Demonspawn Necromancer on Jan 19, 2024.
             Slain by a scorpion (6 damage)
             ... on level 3 of the Dungeon.
             The game lasted 00:06:25 (2260 turns).

Zeia the Grave Robber (Demonspawn Necromancer)      Turns: 2260, Time: 00:06:27

Health: -4/27      AC:  2    Str:  8    XL:     3   Next: 53%
Magic:  2/6        EV: 12    Int: 17    God:
Gold:   107        SH:  0    Dex: 13    Spells: 5/6 levels left

rFire   . . .        c - +0 dagger
rCold   . . .        (no shield)
rNeg    . . .        a - +0 robe
rPois   .            (no helmet)
rElec   .            (no cloak)
rCorr   .            (no gloves)
SInv    .            (no boots)
Will    .....        (no amulet)
Stlth   ++           (no ring)
HPRegen 0.24/turn    (no ring)
MPRegen 0.10/turn

%: no passive effects
@: lethally poisoned (-4 -> -18), weak-willed
A: hooves 1, powered by death 1
a: no special abilities


You were on level 3 of the Dungeon.
You visited 1 branch of the dungeon, and saw 3 of its levels.

You collected 107 gold pieces.

Inventory:

Hand Weapons
 c - a +0 dagger (weapon)
Armour
 a - a +0 robe (worn)
Magical Staves
 d - a staff of fire
Wands
 g - a wand of charming (13)
Potions
 b - a potion of magic
 f - a potion of degeneration {unknown}
 h - a potion of lignification {unknown}


   Skills:
 + Level 2.2 Fighting
 - Level 1.7 Dodging
 - Level 1.7 Stealth
 - Level 2.0 Spellcasting
 - Level 5.1 Necromancy


You had 5 spell levels left.
You knew the following spells:

 Your Spells              Type           Power      Damage    Failure   Level
a - Necrotise             Necr           76%        1d7       2%          1

Your spell library contained the following spells:

 Spells                   Type           Power      Damage    Failure   Level
 Vampiric Draining        Necr           19%        2d7       7%          3
 Cigotuvi's Dreadful Rot  Necr/Alch/Air  14%        N/A       14%         2
 Animate Dead             Necr           19%        N/A       22%         4
 Curse of Agony           Necr           19%        N/A       54%         5
 Animate Armour           Summ/Erth      2%         N/A       88%         4
 Ignite Poison            Fire/Alch      1%         N/A       88%         4
 Summon Lightning Spire   Summ/Air       1%         N/A       88%         4
 Freezing Cloud           Conj/Ice/Air   0%         6-21      99%         5
 Lee's Rapid Deconstruct  Erth           0%         3d4*      99%         5


Dungeon Overview and Level Annotations

Branches:
Dungeon (3/15)

Altars:

Shops:
D:1 (


Innate Abilities, Weirdness & Mutations

You have large cloven feet.
You regenerate a little health from kills.


Message History

Aiming: Necrotise (safe; 2% risk of failure)
Press: ? - help, Q - select action, (/) - cycle Shift-Dir - straight line, f - scorpion
Aim: a scorpion (ally target, chance to affect: 78%)
The scorpion writhes in agony.
Aiming: Necrotise (safe; 2% risk of failure)
Press: ? - help, Q - select action, (/) - cycle Shift-Dir - straight line, f/p - scorpion
Aim: a scorpion (lightly wounded, ally target, chance to affect: 78%)
The scorpion writhes in agony.
Aiming: Necrotise (safe; 2% risk of failure)
Press: ? - help, Q - select action, (/) - cycle Shift-Dir - straight line, f/p - scorpion
Aim: a scorpion (lightly wounded, ally target, chance to affect: 78%)
The scorpion writhes in agony.
The scorpion attacks as it pursues you! The scorpion stings you.
The scorpion attacks as it pursues you! The scorpion stings you!
The scorpion barely misses you. The scorpion attacks as it pursues you!
The scorpion stings you but does no damage.
The scorpion attacks as it pursues you! The scorpion stings you.
You are poisoned.
The scorpion poisons you!
You feel very sick. The scorpion attacks as it pursues you!
The scorpion closely misses you.
Aiming: Necrotise (safe; 2% risk of failure)
Press: ? - help, Q - select action, (/) - cycle Shift-Dir - straight line, f/p - scorpion
Aim: a scorpion (moderately wounded, ally target, chance to affect: 78%)
The scorpion writhes in agony.
You feel sick. The scorpion stings you.
* * * LOW HITPOINT WARNING * * *
You are more poisoned.
The scorpion poisons you!
Okay, then.
Unknown command.
Okay, then.
As you read the scroll labelled VEILIS PEUCATUONN, it crumbles to dust.
A wave of despondency washes over your surroundings.
It was a scroll of vulnerability.
* * * LOW HITPOINT WARNING * * *
You feel very sick. The scorpion stings you.
You die...

######+###....
#............ ...
#..)........ ...
#.........# #.#
#.........# #.#
#.........# #.#
#.........#####.#######
#!...........##.##....#
##########Z.s@>.##....#
#.#####......# #.#
#.....######### ...
#.....'........ ...#
#.....######### ....#
#.....# ###### #....#
#.....# #..... #..$..
#.....# ##.####
#.....###.....#


You could see a scorpion (weak-willed, ally target) and a friendly kobold
skeleton (weak-willed).

Vanquished Creatures
  An adder (D:2)
  A ribbon worm (D:2)
  A dart slug (D:1)
  3 bats
  An endoplasm (D:2)
  A giant cockroach (D:2)
  4 goblins
  A hobgoblin (D:1)
  8 jackals (D:1)
  4 kobolds
  A quokka (D:1)
  A frilled lizard (D:1)
  A rat (D:1)
28 creatures vanquished.

Vanquished Creatures (collateral kills)
  A dart slug (D:1)
1 creature vanquished.

Grand Total: 29 creatures vanquished

Notes
Turn   | Place    | Note
-------+----------+-------------------------------------------
     0 | D:1      | Zeia the Demonspawn Necromancer began the quest for the
                  | Orb.
     0 | D:1      | Reached XP level 1. HP: 13/13 MP: 3/3
   164 | D:1      | Gained mutation: You regenerate a little health from kills.
                  | [demonic ancestry]
   164 | D:1      | Reached XP level 2. HP: 19/19 MP: 0/5
   194 | D:1      | Reached skill level 5 in Necromancy
   479 | D:1      | Found Guax's Antique Weapon Emporium.
   809 | D:1      | Reached skill level 1 in Fighting
  1012 | D:1      | Gained mutation: You have large cloven feet. [demonic
                  | ancestry]
  1012 | D:1      | Reached XP level 3. HP: 26/26 MP: 1/6
  2245 | D:3      | Noticed a scorpion
  2260 | D:3      | Slain by a scorpion

Illustrated notes

Levels and vault maps discovered:
D:1:      elethiomel_arrival_infinity_welcomes_careful_drivers,
          layout_loops_ring, serial_shops, shop
D:2:      layout_loops_corners
D:3:      layout_basic

Skill      XL: |  1  2  3 |
---------------+----------+-----
Necromancy     | 5 |  5.1
Fighting       | 1 2 |  2.2
Dodging        | |  1.7
Stealth        | |  1.7
Spellcasting   | |  2.0

Action                     || total
---------------------------++-------
  Melee: Unarmed           ||     7
         Dagger            ||    20
         Kick              ||     8
   Cast: Necrotise         ||    60
    Use: Scroll            ||     1
 Armour: Robe              ||    29
  Dodge: Dodged            ||    24

Table legend: (Time is in decaauts)
 A = Elapsed time spent in this place.
 B = Non-inter-level travel time spent in this place.
 C = Inter-level travel time spent in this place.
 D = Time resting spent in this place.
 E = Time spent auto-exploring this place.
 F = Levels seen in this place.
 G = Mean time per level.
                   A        B        C        D        E       F      G
               +--------+--------+--------+--------+--------+-----+--------+
         Total |   2258 |   2183 |     75 |    131 |   1796 |   3 |  752.7 |
       Dungeon |   2258 |   2183 |     75 |    131 |   1796 |   3 |  752.7 |
               +--------+--------+--------+--------+--------+-----+--------+

Top non-repeatable levels by time:
     D:1: 1192 daAuts
     D:2: 975 daAuts
     D:3: 90 daAuts
